 Dungeon Crawl Stone Soup version 0.27-a0-96-gb51a1d6fd6 (webtiles) character file.

Game seed: 13441806539110462917

60 knot the Chopper (level 3, -1/43 HPs)
             Began as a Demonspawn Berserker on Jan 19, 2021.
             Was a Follower of Trog.
             Slain by a kobold
             ... wielding a +0 short sword
              (2 damage)
             ... on level 2 of the Dungeon.
             The game lasted 00:00:46 (1635 turns).

knot the Chopper (Demonspawn Berserker)             Turns: 1635, Time: 00:00:47

Health: -1/43      AC:  2    Str: 17    XL:     3   Next: 82%
Magic:  3/3        EV: 12    Int:  9    God:    Trog [*.....]
Gold:   28         SH:  0    Dex: 12    Spells: 2/2 levels left

rFire    . . .     SeeInvis .   a - +0 hand axe
rCold    . . .     Faith    .   (no shield)
rNeg     . . .     Spirit   .   b - +0 animal skin
rPois    .         Reflect  .   (helmet restricted)
rElec    .         Harm     .   (no cloak)
rCorr    .         Rampage  .   (no gloves)
Will     .....                  (no boots)
Stlth    ..........             (no amulet)
HPRegen  0.14/turn              (no ring)
MPRegen  0.08/turn              (no ring)

@: berserking (expiring), very quick
A: horns 1
a: Renounce Religion, Berserk


You were on level 2 of the Dungeon.
You worshipped Trog.
Trog was aware of your devotion.
You visited 1 branch of the dungeon, and saw 2 of its levels.

You collected 28 gold pieces.

Inventory:

Hand Weapons
 a - a +0 hand axe (weapon)
Missiles
 c - 25 stones
Armour
 b - a +0 animal skin (worn)
Wands
 g - a wand of acid (10)
Scrolls
 f - a scroll of enchant armour {unknown}
 i - a scroll of amnesia {unknown}
Potions
 d - a potion of degeneration {unknown}
 e - a potion of heal wounds {unknown}
 h - a potion of curing {unknown}


   Skills:
 - Level 3.0 Fighting
 + Level 4.3 Axes
 - Level 1.7 Armour
 - Level 1.7 Dodging


You had 2 spell levels left.
You didn't know any spells.
Your spell library was empty.

Dungeon Overview and Level Annotations

Branches:
Dungeon (2/15)

Altars:


Innate Abilities, Weirdness & Mutations

You have a pair of small horns on your head.


Message History

You slash the gnoll!
You kill the gnoll!
Trog accepts your kill. The gnoll hits you but does no damage.
The kobold closely misses you.
You slash the gnoll! Your headbutt misses the gnoll.
The gnoll is heavily wounded.
You barely miss the kobold. The gnoll hits you with a +0 spear!
* * * LOW HITPOINT WARNING * * *
You hit the gnoll.
The gnoll is severely wounded.
You barely miss the kobold.
The kobold hits you with a +0 short sword.
* * * LOW HITPOINT WARNING * * *
The gnoll misses you.
You closely miss the gnoll. Your headbutt misses the gnoll.
The gnoll is severely wounded.
You barely miss the kobold.
The kobold hits you with a +0 short sword.
You die...

#..... ≈.........#
##..## ..........#
#..## ≈.........#
#...# #........#
#...# #........#
##..#
#.....w..##### #..#
#............. ##.#
#....K@g.# #.#
#####.#### #.. #.#
#.. #.#############
##. #.............#
#.
#############.#####
#....#....
#.####.### #.# #.#


You could see a worm, a gnoll and a kobold.

Vanquished Creatures
  2 gnolls (D:2)
  An ooze (D:1)
  A dart slug (D:1)
  A leopard gecko (D:1)
  2 bats
  A giant cockroach (D:1)
  2 goblins
  8 hobgoblins
  3 jackals (D:2)
  4 kobolds (D:1)
  A ball python (D:1)
  A frilled lizard (D:1)
  6 rats
33 creatures vanquished.

Notes
Turn   | Place    | Note
-------+----------+-------------------------------------------
     0 | D:1      | knot the Demonspawn Berserker began the quest for the Orb.
     0 | D:1      | Reached XP level 1. HP: 18/18 MP: 1/1
    45 | D:1      | Reached skill level 3 in Axes
   452 | D:1      | Gained mutation: You have a pair of small horns on your
                  | head. [demonic ancestry]
   452 | D:1      | Reached XP level 2. HP: 17/24 MP: 2/2
   838 | D:1      | Reached XP level 3. HP: 21/29 MP: 3/3
  1447 | D:2      | Reached skill level 4 in Axes
  1634 | D:2      | HP: 1/43 [kobold/+0 short sword (6)]
  1635 | D:2      | Slain by a kobold

Illustrated notes

Levels and vault maps discovered:
D:1:      shiori_arrival_elements, layout_basic, minmay_split_cup_small
D:2:      layout_basic, chequers_ecumenical_altar_island,
          minmay_misc_feat_diagonals

Skill      XL: |  1  2  3 |
---------------+----------+-----
Axes           | 3 4 |  4.3
Fighting       | |  3.0
Armour         | |  1.7
Dodging        | |  1.7

Action                   || total
-------------------------++-------
Melee: Hand axe          ||   109
       Headbutt          ||    13
Invok: Berserk           ||     1
Armor: Animal skin       ||    19
Dodge: Dodged            ||    65

Table legend: (Time is in decaauts)
 A = Elapsed time spent in this place.
 B = Non-inter-level travel time spent in this place.
 C = Inter-level travel time spent in this place.
 D = Time resting spent in this place.
 E = Time spent auto-exploring this place.
 F = Levels seen in this place.
 G = Mean time per level.
                   A        B        C        D        E       F      G
               +--------+--------+--------+--------+--------+-----+--------+
         Total |   1645 |   1618 |     27 |    501 |    919 |   2 |  822.5 |
       Dungeon |   1645 |   1618 |     27 |    501 |    919 |   2 |  822.5 |
               +--------+--------+--------+--------+--------+-----+--------+

Top non-repeatable levels by time:
     D:1: 1353 daAuts
     D:2: 291 daAuts
